 Dungeon Crawl Stone Soup version 0.20.0-15-g7f486f2 (webtiles) character file.

166955 KleinerIrrer the Phalangite (level 17, -4/186 HPs)
             Began as a Merfolk Gladiator on June 27, 2017.
             Was the Champion of Hepliaklqana.
             Shot with a bolt by a vault sentinel (16 damage)
             ... on level 13 of the Dungeon.
             The game lasted 03:05:59 (36658 turns).

KleinerIrrer the Phalangite (Merfolk Gladiator)    Turns: 36658, Time: 03:05:59

Health: -4/186     AC: 17    Str: 21    XL:     17   Next: 61%
Magic:  25/25      EV: 24    Int:  8    God:    Hepliaklqana [******]
Gold:   651        SH: 10    Dex: 23    Spells: 16/16 levels left

rFire    + + .     SeeInvis .   z - +8 trident (venom)
rCold    . . .     Gourm    .   S - +0 buckler
rNeg     . . .     Faith    .   U - +3 salamander hide armour {+Rage rF++}
rPois    +         Spirit   .   q - +2 helmet
rElec    .         Reflect  +   h - scarf {cloud immunity}
rCorr    .         Harm     .   W - +2 pair of gloves {Dex+3}
MR       +....                  B - +0 pair of boots
Stlth    ..........             F - +3 amulet of reflection
Regen    0.5/turn               b - ring of poison resistance
MPRegen  0.2/turn               Y - +3 ring of protection

@: berserking (expiring), marked, slowed
A: change form in water, swift swim, stealthy swim, reduced essence
}: 1/15 runes: decaying
a: Recall Ancestor, Ancestor Identity, Transference, Idealise, Renounce
Religion, Evoke Berserk Rage


You were on level 13 of the Dungeon.
You worshipped Hepliaklqana.
Hepliaklqana was exalted by your worship.
You were not hungry.

You visited 6 branches of the dungeon, and saw 28 of its levels.
You visited the Abyss 1 time.
You also visited: Ice Cave.

You collected 2777 gold pieces.
You spent 2126 gold pieces at shops.

Inventory:

Hand Weapons
 v - a +1 glaive of freezing
 z - a +8 trident of venom (weapon)
Armour
 h - a scarf of cloud immunity (worn)
 q - a +2 helmet (worn)
 u - +0 acid dragon scales
 B - a +0 pair of boots (worn)
 S - a +0 buckler (worn)
 U - the +3 salamander hide armour (worn) {+Rage rF++}
   (You found it on level 3 of the Swamp)

   It greatly protects you from fire.
   It lets you go berserk.
 W - a +2 pair of gloves of dexterity (worn)
Jewellery
 b - a ring of poison resistance (left hand)
 n - an uncursed ring of protection from fire
 o - an uncursed ring of protection from cold
 F - a +3 amulet of reflection (around neck)
 Y - a +3 ring of protection (right hand)
Wands
 d - a wand of enslavement (6/24)
 j - a wand of confusion (22/48)
 H - a wand of paralysis (8/24)
 I - a wand of confusion (39/48)
 N - a wand of digging (13/24)
 P - a wand of scattershot (2/9)
Scrolls
 c - 2 scrolls of fear
 g - 7 scrolls of teleportation
 l - 7 scrolls of magic mapping
 m - 8 scrolls of remove curse
 p - a scroll of blinking
 C - a scroll of recharging
 E - a scroll of silence
 J - a scroll of identify
Potions
 a - a potion of berserk rage
 e - 2 potions of curing
 i - 5 potions of flight
 r - 2 potions of resistance
 w - 2 potions of agility
 V - 3 potions of cancellation
Miscellaneous
 s - a phial of floods
 A - 2 sacks of spiders
 O - a lamp of fire
 T - a phantom mirror
Comestibles
 f - 8 bread rations
 x - 11 meat rations
 D - 9 royal jellies
 G - 6 fruits


   Skills:
 + Level 13.7 Fighting
 * Level 23.1 Polearms
 - Level 2.0 Throwing
 + Level 7.0 Armour
 * Level 13.4 Dodging
 - Level 15.0 Stealth
 * Level 6.4 Shields
 * Level 11.1 Evocations


You had 16 spell levels left.
You didn't know any spells.

Dungeon Overview and Level Annotations

Branches:
Dungeon (15/15)            Temple (1/1) D:7            Lair (6/6) D:9
  Swamp (4/4) Lair:2       Spider (0/4) Lair:4        Slime (0/5) Lair:5
    Orc (2/2) D:9             Elf (0/3) Orc:2        Vaults (1/5) D:13
 Depths (0/5) D:15

Altars:
Ashenzari
Cheibriados
Dithmenos
Elyvilon
Fedhas
Gozag
Hepliaklqana
Kikubaaqudgha
Makhleb
Nemelex Xobeh
Okawaru
Ru
Sif Muna
Trog
Uskayaw
Vehumet
Xom
Yredelemnul
Zin
The Shining One

Shops:
D:7 *(!   Orc:2 ![[}(

Portals:
Trove: D:15 (give +3 shadow dragon scales)

Annotations:
Swamp:1 exclusion: Roxanne, Roxanne


Message History

You go up through the gate.
Welcome back to the Dungeon!
There is a gate to the Vaults, spattered with blood here.
A red film seems to cover your vision as you go berserk!
You feel yourself moving faster!
You feel mighty!
The vault sentinel blows a loud note on a signal horn!
The yaktaur captain hits you but does no damage.
The vault sentinel barely misses you.
The vault sentinel hits you but does no damage.
You feel a strong urge to attack something.
The yaktaur captain wields an uncursed arbalest.
The yaktaur captain shoots a bolt.
You reflect the bolt off an invisible shield around you!
The bolt hits the yaktaur captain!!
The vault sentinel casts a spell at you.
The mark upon you grows brighter.
The vault sentinel unwields an uncursed falchion of distortion.
Its appearance distorts for a moment.
The vault sentinel wields an uncursed arbalest.
The vault sentinel shoots a bolt.
The bolt hits you!
You die...

# #......................... #
#.....##......)##......... #
#....####.....####...##### #
#...## ##...## ##..#....
########...## ###'### ##..#....
............####.....####........
...###'###...##.#.(.#.##...##....
...#..........#..[[c..#(...##....
...#..........'(@.p.(((....##....
...#..........#...(p).#....##....
...#.........##.#...#.##(..##..##
>..#........####.....####..##..#.
...#.......## ###'### ##.##..#.
...#.......## ##...## ##.##..#.
...#........####.....####..##..'.
...#.........##.......##....)..##
...#.............................


You could see a yaktaur captain and 2 vault sentinels.

Vanquished Creatures
  Nikola (Swamp:2)
  A tentacled starspawn (Abyss:2)
  Donald (Swamp:1)
  An orc warlord (Orc:2)
  A frost giant (IceCv)
  3 vault wardens
  2 ironheart preservers
  A stone giant (Orc:1)
  2 ettins
  7 hydras
  3 vault guards (D:13)
  A ghost crab (Swamp:4)
  A catoblepas (D:13)
  A centaur warrior (D:13)
  An ogre mage (D:15)
  11 two-headed ogres
  6 alligators
  2 thrashing horrors (Abyss:2)
  An orc high priest (Orc:2)
  Nergalle (Lair:2)
  A wretched star (Abyss:2)
  2 skeletal warriors (Vaults:1)
  2 spriggan druids
  4 unseen horrors
  A spectral hydra (Swamp:4)
  A flayed ghost (D:13)
  4 swamp dragons
  A wizard (D:15)
  A necromancer (D:15)
  A lindwurm (Lair:6)
  2 orc knights
  A shambling mangrove (Swamp:4)
  2 orc sorcerers
  An ironbrand convoker (Vaults:1)
  4 oklob plants (Lair:1)
  4 deep elf magi
  8 ugly things
  3 cyclopes
  2 manticores
  5 elephants (Lair:6)
  4 black mambas
  2 worldbinders (Abyss:2)
  A centaur zombie (D:13)
  An ice statue (IceCv)
  Maurice (D:10)
  A naga mage (D:15)
  3 vault sentinels
  A gargoyle (D:13)
  21 spiny frogs
  6 rime drakes
  2 swamp worm zombies (Swamp:4)
  3 komodo dragons
  2 ancient zymes (Abyss:2)
  4 hydra zombies (Swamp:4)
  A yaktaur (shapeshifter) (Abyss:2)
  2 trolls
  3 yaktaurs (Vaults:1)
  8 hornets
  A meliai (Vaults:1)
  5 tyrant leeches
  16 polar bears
  13 slime creatures
  3 spectral swamp dragons (Swamp:4)
  25 blink frogs
  A dream sheep (Lair:6)
  17 hippogriffs
  A meliai zombie (D:13)
  12 bog bodies
  18 spriggans
  2 ynoxinuls (Abyss:2)
  A shadow (Swamp:1)
  11 wyverns
  A vampire (Abyss:2)
  3 wraiths
  A yak (shapeshifter) (Vaults:1)
  51 yaks
  4 chaos spawn
  7 basilisks
  3 hungry ghosts
  A neqoxec (Abyss:2)
  11 insubstantial wisps
  6 wargs
  Edmund (D:6)
  2 acid dragons
  24 vampire mosquitoes
  23 swamp worms
  12 water moccasins
  7 porcupines
  4 black bears
  5 swamp drakes
  A sky beast (D:6)
  27 orc warriors
  2 ice beasts (D:7)
  A necrophage (D:13)
  2 swamp dragon zombies (Swamp:4)
  3 boggarts (Lair:6)
  2 eyes of draining
  2 phantoms
  13 ogres
  18 centaurs
  36 wolves
  9 crocodiles
  A big kobold (D:8)
  Blork the orc (D:4)
  13 bullfrogs
  2 gnoll sergeants
  A wyvern zombie (D:7)
  2 small abominations (Abyss:2)
  4 scorpions
  7 killer bees
  6 wights
  2 electric eels
  4 howler monkeys
  3 crimson imps
  A starcursed mass (Abyss:2)
  A quasit (Abyss:2)
  2 bullfrog zombies
  A bullfrog skeleton (D:6)
  6 centaur skeletons
  4 jellies
  9 orc priests
  5 hounds
  Jessica (D:3)
  14 orc wizards
  A spectral swamp drake (Swamp:4)
  2 iguanas
  9 worker ants
  A killer bee zombie (D:7)
  A hound skeleton (D:7)
  8 gnolls
  A howler monkey skeleton (D:10)
  6 adders
  4 shadow imps
  12 white imps (Lair:4)
  2 oozes
  6 worms
  A dart slug (D:3)
  5 leopard geckos
  45 orcs
  A ball python (D:6)
  5 giant cockroaches
  6 goblins
  3 hobgoblins
  4 jackals (D:10)
  12 kobolds
  5 quokkas
  6 bats
  6 frilled lizards
  A quokka skeleton (D:8)
  24 rats
  A plant (Lair:1)
  3 starspawn tentacles (Abyss:2)
843 creatures vanquished.

Vanquished Creatures (collateral kills)
  Kirke (Swamp:1)
  Aizul (Swamp:1)
  A ghost crab (Swamp:2)
  A vault guard (D:13)
  An alligator (Swamp:2)
  A centaur warrior (D:13)
  A two-headed ogre (D:13)
  A flayed ghost (Vaults:1)
  A wizard (D:15)
  A shambling mangrove (Swamp:3)
  2 orc knights
  A shadow dragon skeleton (Abyss:2)
  2 oklob plants
  4 slime creatures
  A cyclops (Vaults:1)
  A black mamba (Lair:6)
  A spiny frog (Lair:3)
  A komodo dragon (Lair:5)
  A freezing wraith (D:13)
  A yaktaur (Vaults:1)
  A swamp worm zombie (Swamp:4)
  A polar bear (IceCv)
  2 hornets (Lair:6)
  A tyrant leech (Swamp:4)
  A bog body (Swamp:2)
  5 blink frogs
  A hippogriff (Lair:4)
  A dream sheep (shapeshifter) (D:13)
  2 spriggans (Lair:6)
  A basilisk (Lair:5)
  3 yaks (Lair:6)
  A wyvern (Lair:4)
  5 insubstantial wisps
  A swamp worm (Swamp:3)
  A water moccasin (Lair:4)
  A swamp drake (Swamp:2)
  An ice beast (D:6)
  3 orc warriors
  2 ogres
  2 phantoms
  5 wolves
  A boggart (Lair:6)
  3 crocodiles
  A big kobold (D:9)
  2 killer bees
  A starcursed mass (Abyss:2)
  A jelly (D:11)
  2 orc priests
  2 orc wizards
  A spectral swamp drake (Swamp:4)
  10 orcs
  3 kobolds
  2 plants
95 creatures vanquished.

Vanquished Creatures (others)
  2 rime drakes
  A polar bear (IceCv)
  A blink frog (Swamp:4)
  4 humans (Swamp:1)
  4 yaks (IceCv)
  2 orc warriors (Orc:2)
  A wolf (IceCv)
  31 hexers
  An ufetubus (Abyss:2)
  2 orcs (Orc:2)
  A briar patch (Swamp:4)
  16 fungi
  9 plants
  2 starspawn tentacles (Abyss:2)
77 creatures vanquished.

Grand Total: 1015 creatures vanquished

Notes
Turn   | Place    | Note
-------+----------+-------------------------------------------
     0 | D:1      | KleinerIrrer the Merfolk Gladiator began the quest for the Orb.
     0 | D:1      | Reached XP level 1. HP: 16/16 MP: 1/1
   454 | D:1      | Reached XP level 2. HP: 22/22 MP: 2/2
  1033 | D:2      | Reached skill level 5 in Polearms
  1033 | D:2      | Reached skill level 1 in Stealth
  1033 | D:2      | Reached XP level 3. HP: 23/27 MP: 3/3
  1440 | D:2      | Reached XP level 4. HP: 26/34 MP: 4/4
  1812 | D:3      | Reached skill level 1 in Armour
  1875 | D:3      | Reached XP level 5. HP: 34/39 MP: 5/5
  1966 | D:3      | Noticed Jessica
  1975 | D:3      | Killed Jessica
  2061 | D:3      | Found a glowing silver altar of Zin.
  2068 | D:3      | Found a snail-covered altar of Cheibriados.
  2277 | D:4      | Noticed Blork the orc
  2290 | D:4      | Killed Blork the orc
  2290 | D:4      | Reached skill level 6 in Polearms
  2290 | D:4      | Reached skill level 5 in Dodging
  2290 | D:4      | Reached XP level 6. HP: 30/46 MP: 6/6
  2439 | D:4      | You fall through a shaft for 3 floors!
  2461 | D:7      | Found Pezaxas's General Store.
  2480 | D:7      | Bought a potion of flight for 39 gold pieces
  2507 | D:7      | Noticed an ice beast
  2523 | D:7      | Killed an ice beast
  2523 | D:7      | Reached XP level 7. HP: 42/51 MP: 7/7
  2532 | D:7      | Reached skill level 7 in Polearms
  2532 | D:7      | Reached skill level 5 in Stealth
  2698 | D:7      | Reached skill level 8 in Polearms
  2706 | D:7      | Reached XP level 8. HP: 47/58 MP: 8/8
  2825 | D:7      | Reached skill level 9 in Polearms
  2908 | D:7      | Found Egacs's Distillery.
  2938 | D:7      | Bought a potion of haste for 140 gold pieces
  2989 | D:7      | Found Keredem's Antique Weapon Shoppe.
  3077 | D:7      | Found a staircase to the Ecumenical Temple.
  3086 | Temple   | Entered the Ecumenical Temple
  3114 | Temple   | Became a worshipper of Hepliaklqana the Forgotten
  3283 | D:6      | Reached skill level 10 in Polearms
  3696 | D:6      | Noticed Edmund
  3713 | D:6      | Killed Edmund
  3783 | D:6      | Found a shadowy altar of Dithmenos.
  3805 | D:6      | Found a sparkling altar of Nemelex Xobeh.
  3851 | D:6      | Reached * piety under Hepliaklqana
  3925 | D:6      | Reached skill level 11 in Polearms
  3931 | D:6      | Reached XP level 9. HP: 58/58 MP: 9/9
  4613 | D:8      | Reached skill level 12 in Polearms
  4789 | D:8      | Reached skill level 1 in Evocations
  4943 | D:8      | Noticed a two-headed ogre
  4951 | D:8      | Killed a two-headed ogre
  4951 | D:8      | Reached skill level 5 in Fighting
  4951 | D:8      | Reached skill level 13 in Polearms
  4955 | D:8      | Reached XP level 10. HP: 25/66 MP: 11/11
  5175 | D:9      | Reached ** piety under Hepliaklqana
  5176 | D:9      | Remembered your ancestor Osbert as a hexer
  5181 | D:9      | Noticed a two-headed ogre
  5190 | D:9      | Killed a two-headed ogre
  5190 | D:9      | Reached skill level 14 in Polearms
  5502 | D:9      | Found an ancient bone altar of Kikubaaqudgha.
  5521 | D:9      | Found a staircase to the Orcish Mines.
  5638 | D:9      | Found a staircase to the Lair.
  5894 | D:10     | Entered Level 10 of the Dungeon
  5976 | D:10     | Killed an unseen horror
  5976 | D:10     | Reached skill level 15 in Polearms
  6059 | D:10     | Reached *** piety under Hepliaklqana
  6410 | D:10     | Reached XP level 11. HP: 68/72 MP: 14/14
  6441 | D:10     | Noticed Maurice
  6448 | D:10     | Killed Maurice
  6952 | D:11     | Noticed a cyclops
  6963 | D:11     | Killed a cyclops
  7235 | D:11     | Noticed a purple ugly thing
  7247 | D:11     | Killed a purple ugly thing
  7789 | D:12     | Reached **** piety under Hepliaklqana
  7876 | D:12     | Noticed a manticore
  7886 | D:12     | Killed a manticore
  8009 | D:12     | Reached skill level 5 in Evocations
  8136 | D:12     | Noticed a two-headed ogre
  8144 | D:12     | Killed a two-headed ogre
  8144 | D:12     | Reached skill level 16 in Polearms
  8423 | D:12     | Reached skill level 10 in Stealth
  8591 | D:13     | Found a gate to the Vaults.
  8591 | D:13     | Noticed a vault guard
  8591 | D:13     | Noticed a vault guard
  8591 | D:13     | Noticed a vault guard
  8591 | D:13     | Noticed a deep elf mage
  8591 | D:13     | Noticed a vault guard
  8591 | D:13     | Noticed a purple ugly thing
  8662 | D:13     | Killed a vault guard
  8704 | D:13     | Killed a purple ugly thing
  8713 | D:13     | Reached XP level 12. HP: 57/82 MP: 16/16
  8748 | D:13     | Killed a vault guard
  8877 | D:13     | Noticed a two-headed ogre
  8886 | D:13     | Killed a two-headed ogre
  9207 | D:13     | Killed a vault guard
  9292 | D:13     | Noticed a catoblepas
  9312 | D:13     | Killed a catoblepas
  9312 | D:13     | Reached skill level 17 in Polearms
  9424 | D:13     | Noticed a two-headed ogre
  9431 | D:13     | Killed a two-headed ogre
  9768 | D:13     | Killed a vault guard
 10854 | Lair:1   | Entered Level 1 of the Lair of Beasts
 10981 | Lair:1   | Reached XP level 13. HP: 87/90 MP: 18/18
 11155 | Lair:1   | Reached ***** piety under Hepliaklqana
 11435 | Lair:1   | Reached skill level 5 in Armour
 11999 | Lair:2   | Noticed Nergalle
 12003 | Lair:2   | Killed Nergalle
 12233 | Lair:2   | Reached skill level 18 in Polearms
 12627 | Lair:2   | Found a staircase to the Swamp.
 14236 | Lair:4   | Found a frozen archway.
 14299 | IceCv    | Entered an ice cave
 14511 | IceCv    | Got a crystal shortbow
 14512 | IceCv    | Identified the +2 shortbow "Earthworm" {velocity, *Drain MR+ Int+7 SInv} (You found it in an ice cave)
 14520 | IceCv    | Reached ****** piety under Hepliaklqana
 14859 | IceCv    | Reached skill level 10 in Fighting
 14913 | IceCv    | Noticed a frost giant
 15006 | IceCv    | Killed a frost giant
 15006 | IceCv    | Reached XP level 14. HP: 55/99 MP: 20/20
 15303 | IceCv    | Identified Sif Muna's Papyrus of Cold
 15932 | Lair:4   | Reached skill level 19 in Polearms
 16686 | Lair:4   | Found a hole to the Spider Nest.
 17461 | Lair:5   | Found a staircase to the Slime Pits.
 17608 | Lair:5   | Got a twisted scale mail
 17619 | Lair:5   | Identified the +4 scale mail "Plog" {+Inv +Fly Str-4} (You found it on level 5 of the Lair of Beasts)
 17717 | Lair:5   | Found a sacrificial altar of Ru.
 18464 | Lair:6   | Entered Level 6 of the Lair of Beasts
 19590 | Lair:6   | Reached skill level 20 in Polearms
 20037 | Lair:6   | Reached XP level 15. HP: 79/106 MP: 21/21
 20668 | Lair:6   | Reached skill level 10 in Dodging
 21219 | Swamp:1  | Entered Level 1 of the Swamp
 21219 | Swamp:1  | Noticed Kirke
 21225 | Swamp:1  | Killed Kirke
 21490 | Swamp:1  | Noticed Aizul
 21515 | Swamp:1  | Killed Aizul
 21521 | Swamp:1  | Reached skill level 10 in Evocations
 21865 | Swamp:1  | Noticed Roxanne
 21988 | Swamp:1  | Noticed Donald
 22006 | Swamp:1  | Killed Donald
 22539 | Swamp:1  | Reached skill level 15 in Stealth
 22652 | Swamp:2  | Reached skill level 1 in Shields
 22872 | Swamp:2  | Noticed Nikola
 22905 | Swamp:2  | Killed Nikola
 22924 | Swamp:2  | Reached skill level 21 in Polearms
 23903 | Swamp:2  | Reached XP level 16. HP: 26/114 MP: 23/23
 24418 | D:7      | Bought a potion of curing for 42 gold pieces
 24418 | D:7      | Bought a potion of flight for 42 gold pieces
 24418 | D:7      | Bought a potion of heal wounds for 70 gold pieces
 24459 | D:7      | Bought a scroll of fear for 45 gold pieces
 24746 | D:14     | You fall through a shaft!
 24746 | D:15     | Entered Level 15 of the Dungeon
 25155 | D:15     | Found a portal to a secret trove of treasure.
 25547 | D:15     | Found a staircase to the Depths.
 26083 | Swamp:2  | Identified a scroll of acquirement
 27610 | Swamp:4  | Entered Level 4 of the Swamp
 27698 | Swamp:4  | Reached skill level 22 in Polearms
 28156 | Swamp:4  | Noticed a thorn hunter
 29628 | Swamp:4  | Noticed a bone dragon
 30069 | Swamp:4  | Got a decaying rune of Zot
 30380 | Orc:1    | Entered Level 1 of the Orcish Mines
 30728 | Orc:1    | HP: 3/117 [orc warrior/tomahawk (11)]
 31486 | Orc:2    | Entered Level 2 of the Orcish Mines
 31658 | Orc:2    | Found a staircase to the Elven Halls.
 31669 | Orc:2    | Found Xuixoata's Weapon Emporium.
 31937 | Orc:2    | Reached skill level 5 in Shields
 31937 | Orc:2    | Reached XP level 17. HP: 94/123 MP: 25/25
 32046 | Orc:2    | Found Vyxasunk's Armour Shoppe.
 32046 | Orc:2    | Found Caqoes Igo's Antique Armour Boutique.
 32046 | Orc:2    | Found Loca's Gadget Shop.
 32234 | Orc:2    | Found Vojych's Distillery.
 32252 | Orc:2    | Bought a phial of floods for 520 gold pieces
 32257 | Orc:2    | Bought a potion of resistance for 130 gold pieces
 32257 | Orc:2    | Bought a potion of curing for 39 gold pieces
 32257 | Orc:2    | Bought a potion of curing for 39 gold pieces
 32257 | Orc:2    | Bought a potion of might for 52 gold pieces
 32257 | Orc:2    | Bought a potion of curing for 39 gold pieces
 32257 | Orc:2    | Bought a potion of invisibility for 104 gold pieces
 32257 | Orc:2    | Bought a potion of curing for 39 gold pieces
 32268 | Orc:2    | Bought a pair of runed gloves for 240 gold pieces
 32268 | Orc:2    | Bought a glowing scale mail for 224 gold pieces
 32305 | Orc:2    | Bought a +2 pair of gloves of dexterity for 322 gold pieces
 32435 | Orc:2    | Cast into level 2 of the Abyss (chaos spawn)
 32923 | Abyss:2  | Noticed a bone dragon
 32925 | Abyss:2  | Noticed a tentacled starspawn
 33129 | Abyss:2  | Noticed a tentacled starspawn
 33153 | Abyss:2  | Killed a tentacled starspawn
 33371 | Orc:2    | Escaped the Abyss
 33956 | Vaults:1 | Entered Level 1 of the Vaults
 35095 | Vaults:1 | HP: 3/123 [skeletal warrior/dire flail[a skeletal warrior] (16)]
 35955 | D:13     | Reached skill level 23 in Polearms
 36658 | D:13     | Shot with a bolt by a vault sentinel

Skill      XL: |  1  2  3  4  5  6  7  8  9 10 11 12 13 14 15 16 17 |
---------------+----------------------------------------------------+-----
Polearms       | 5 6 8 11 13 15 16 17 18 20 21 22 23 | 23.1
Stealth        | 1 2 3 4 5 6 7 8 10 12 13 14 15 | 15.0
Armour         | 1 2 3 4 5 6 7 |  7.0
Dodging        | 5 6 7 8 9 10 12 13 | 13.4
Fighting       | 3 4 5 6 7 8 10 11 12 13 | 13.7
Evocations     | 2 4 5 6 8 9 10 11 | 11.1
Shields        | 3 5 6 |  6.4
Throwing       | |  2.0

Action                   |  1- 3 |  4- 6 |  7- 9 | 10-12 | 13-15 | 16-18 || total
-------------------------+-------+-------+-------+-------+-------+-------++-------
Melee: Trident           |    14 |    65 |   237 |   583 |  1492 |  1270 ||  3661
       Hand axe          |    47 |    64 |       |       |       |       ||   111
       Tailslap          |       |       |       |     1 |    69 |    42 ||   112
Invok: Ancestor Life: He |       |       |       |     1 |       |       ||     1
       Recall Ancestor   |       |       |       |     1 |       |     9 ||    10
 Abil: Evoke Berserk Rag |       |       |       |       |       |     1 ||     1
Evoke: Lamp of fire      |       |       |       |     1 |       |       ||     1
       Wand              |       |       |       |     1 |    10 |    31 ||    42
  Use: Scroll            |       |       |    18 |     9 |    16 |    10 ||    53
       Potion            |       |       |     1 |       |     8 |    24 ||    33
 Stab: Sleeping          |     4 |     6 |     5 |     9 |    49 |    22 ||    95
       Distracted        |       |       |     1 |    11 |    25 |    24 ||    61
       Confused          |       |       |       |     8 |    20 |    20 ||    48
       Invisible         |       |       |       |       |     3 |     4 ||     7
       Paralysed         |       |       |       |       |    12 |    28 ||    40
  Eat: Chunk             |     2 |     3 |     5 |    31 |    19 |    10 ||    70
       Bread ration      |       |       |     1 |       |     5 |     7 ||    13
Armor: Leather armour    |    11 |    18 |     8 |       |       |   142 ||   179
       Ring mail         |       |       |    29 |    94 |   267 |    39 ||   429
Dodge: Dodged            |    43 |    84 |   110 |   200 |   708 |   625 ||  1770
Block: Other             |       |       |       |       |    27 |     9 ||    36
       Shield            |       |       |       |       |    27 |       ||    27
       Buckler           |       |       |       |       |       |   296 ||   296
       Reflection        |       |       |       |       |       |    32 ||    32
